 Dungeon Crawl Stone Soup version 0.31-a0-165-g3f4f80340b (webtiles) character file.

Game seed: 17219916685108682785

204 qw the Shooter (level 5, 0/45 HPs)
             Began as a Naga Hunter on June 13, 2023.
             Slain by a goblin
             ... wielding a +0 club
             ... led by Robin
              (1 damage)
             ... on level 2 of the Dungeon.
             The game lasted 00:00:32 (1328 turns).

qw the Shooter (Naga Hunter)                        Turns: 1328, Time: 00:00:33

Health: 0/45       AC:  3    Str: 14    XL:     5   Next: 82%
Magic:  5/5        EV:  9    Int:  9    God:
Gold:   154        SH:  0    Dex: 16    Spells: 4/4 levels left

rFire   . . .        Y - +0 shortbow
rCold   . . .        (shield currently unavailable)
rNeg    . . .        c - +0 leather armour
rPois   +            (no helmet)
rElec   .            (no cloak)
rCorr   .            (no gloves)
SInv    +            (no barding)
Will    .....        (no amulet)
Stlth   ++           (no ring)
HPRegen 0.27/turn    (no ring)
MPRegen 0.09/turn

%: no passive effects
@: short of breath, very slow
A: AC +1, large, see invisible, deformed body, poison resistance, slowness 2,
spit poison 1, naga tail 1
a: Spit Poison


You were on level 2 of the Dungeon.
You visited 1 branch of the dungeon, and saw 2 of its levels.

You collected 154 gold pieces.


Innate Abilities, Weirdness & Mutations

Your serpentine skin is tough. (AC +1)
You have supernaturally acute eyesight. (SInv)
Armour fits poorly on your strangely shaped body.
Your system is resistant to poisons. (rPois)
You cover ground very slowly.
You can spit poison.
You have a snake-like lower body.


   Skills:
 + Level 2.2 Fighting
 - Level 6.1 Ranged Weapons
 - Level 1.5 Dodging
 - Level 1.5 Stealth


You had 4 spell levels left.
You didn't know any spells.
Your spell library was empty.

Inventory:

Hand Weapons
 Y - a +0 shortbow (weapon)
Armour
 c - a +0 leather armour (worn)
Scrolls
 a - a scroll of enchant weapon {unknown}
Potions
 f - a potion of magic {unknown}
 g - a potion of might {unknown}

Dungeon Overview and Level Annotations

Branches:
Dungeon (2/15)

Altars:

Shops:
D:1 *

Annotations:
D:2 Robin


Message History

A goblin comes into view. It is wielding a +0 club.
The goblin barely misses you.
You shoot an arrow. The arrow barely misses the hobgoblin.
The goblin shoots a sling bullet.
The sling bullet hits you. Robin throws the goblin at you!
The hobgoblin hits you.
The goblin hits you with a +0 dagger. x2
A goblin comes into view. It is wielding a +0 club.
The goblin closely misses you.
The goblin shoots a sling bullet.
The sling bullet hits you.
You shoot an arrow. The goblin shouts!
The arrow hits the hobgoblin but does no damage.
The goblin closely misses you. The hobgoblin hits you.
The goblin hits you with a +0 dagger. The goblin hits you with a +0 club.
The goblin shoots a sling bullet.
The sling bullet hits you.
You shoot an arrow. The arrow barely misses the hobgoblin.
You have got your breath back.
Robin roars a battlecry!
The goblins go into a battle-frenzy!
The goblin hits you with a +0 dagger. The hobgoblin closely misses you.
The goblin closely misses you. The goblin hits you with a +0 club.
The goblin shoots a sling bullet.
The sling bullet closely misses you.
1326 ||| INVOKING Spit Poison.
Aiming: Spit Poison (1% risk of failure)
Press: ? - help, Shift-Dir - straight line, f/p - hobgoblin The splash of poison hits the hobgoblin!
You kill the hobgoblin!
Robin throws the goblin at you! The goblin closely misses you.
The goblin hits you with a +0 dagger. The goblin hits you but does no damage.
The goblin hits you with a +0 club.
The goblin shoots a sling bullet.
The sling bullet closely misses you.
You shoot an arrow. The arrow hits the goblin.
You kill the goblin!
The goblin hits you but does no damage. The goblin hits you with a +0 club. x2
The goblin shoots a sling bullet.
The sling bullet closely misses you.
You shoot an arrow. The arrow hits the goblin.
The goblin is severely wounded.
The goblin hits you but does no damage. The goblin closely misses you.
The goblin hits you with a +0 club.
You die...

.....# ####.#### ..#.###
#.# ......# #.# ....#.#
#.# .####.#####.#
.##.........##
..#.#.####...#####
....#.# #.....gg#####..
......####...###@..gg)%.
#.######.......g).####..
...# #.##.#####.# ...#
#.##....##.# ...#
#.#####.##.# ...# #.#
#.##.#### ...# #.#
#.......#### ...#####.#
##.##.#.....# .........#
##.#.#.#.....#


You could see Robin and 4 goblins.

Vanquished Creatures
  Sigmund (D:2)
  A dart slug (D:2)
  2 worms (D:2)
  2 endoplasms (D:1)
  3 giant cockroaches
  6 goblins
  12 hobgoblins
  3 jackals (D:1)
  A quokka (D:1)
  3 ball pythons (D:1)
  4 bats
  2 frilled lizards (D:1)
  A rat (D:1)
41 creatures vanquished.

Notes
Turn   | Place    | Note
-------+----------+-------------------------------------------
     0 | D:1      | qw the Naga Hunter began the quest for the Orb.
     0 | D:1      | Reached XP level 1. HP: 19/19 MP: 1/1
     0 | D:1      | 0 ||| qw: Version: 0.2-a-29-gc1b59c4
     0 | D:1      | 0 ||| qw: Game counter: 4715
     0 | D:1      | 0 ||| qw: Always use a shield: true
     0 | D:1      | 0 ||| qw: God list: Okawaru
     0 | D:1      | 0 ||| qw: Allow faded altars: false
     0 | D:1      | 0 ||| qw: Do Orc after D:15 true
     0 | D:1      | 0 ||| qw: Do second Lair branch before Depths: true
     0 | D:1      | 0 ||| qw: Lair rune preference: random
     0 | D:1      | 0 ||| qw: Plans: Normal
     0 | D:1      | 0 ||| PLANNING D:1-11
     5 | D:1      | 5 ||| INVOKING Spit Poison.
    24 | D:1      | 24 ||| INVOKING Spit Poison.
    87 | D:1      | 87 ||| INVOKING Spit Poison.
    94 | D:1      | 94 ||| INVOKING Spit Poison.
    99 | D:1      | Reached skill level 4 in Ranged Weapons
    99 | D:1      | Reached XP level 2. HP: 26/26 MP: 2/2
   143 | D:1      | 143 ||| INVOKING Spit Poison.
   149 | D:1      | 149 ||| INVOKING Spit Poison.
   155 | D:1      | 155 ||| INVOKING Spit Poison.
   156 | D:1      | HP: 4/26 [jackal (3)]
   158 | D:1      | 158 ||| INVOKING Spit Poison.
   338 | D:1      | 338 ||| INVOKING Spit Poison.
   343 | D:1      | 343 ||| INVOKING Spit Poison.
   349 | D:1      | 349 ||| INVOKING Spit Poison.
   396 | D:1      | 396 ||| INVOKING Spit Poison.
   405 | D:1      | Found Roto's General Store.
   409 | D:1      | 409 ||| SHOPLISTING 2 potions of curing (72 gold, have 48).
   426 | D:1      | 426 ||| INVOKING Spit Poison.
   429 | D:1      | Reached XP level 3. HP: 32/32 MP: 3/3
   447 | D:1      | 447 ||| INVOKING Spit Poison.
   452 | D:1      | 452 ||| INVOKING Spit Poison.
   526 | D:1      | 526 ||| INVOKING Spit Poison.
   674 | D:1      | 674 ||| READING scroll labelled PEN PUSKASOAPP.
   675 | D:1      | 675 ||| READING scroll labelled KIORIG YPTE.
   676 | D:1      | 676 ||| READING scroll labelled LAIFU HOTHRUCIT.
   677 | D:1      | 677 ||| DROPPING scroll of butterflies.
   705 | D:2      | 705 ||| INVOKING Spit Poison.
   800 | D:2      | 800 ||| INVOKING Spit Poison.
   804 | D:2      | 804 ||| INVOKING Spit Poison.
   881 | D:2      | 881 ||| INVOKING Spit Poison.
   900 | D:2      | 900 ||| INVOKING Spit Poison.
   903 | D:2      | 903 ||| INVOKING Spit Poison.
   916 | D:2      | 916 ||| FLEEEEING.
   917 | D:2      | 917 ||| FLEEEEING.
   919 | D:2      | 919 ||| INVOKING Spit Poison.
   936 | D:2      | Noticed Sigmund
   937 | D:2      | 937 ||| INVOKING Spit Poison.
   941 | D:2      | 941 ||| INVOKING Spit Poison.
   943 | D:2      | HP: 8/32 [Sigmund/puff of flame (8)]
   944 | D:2      | Killed Sigmund
   945 | D:2      | Reached skill level 6 in Ranged Weapons
   945 | D:2      | Reached XP level 4. HP: 11/39 MP: 4/4
   945 | D:2      | Reached XP level 5. HP: 13/45 MP: 5/5
  1098 | D:2      | 1098 ||| INVOKING Spit Poison.
  1136 | D:2      | Found a faded altar of an unknown god.
  1158 | D:2      | 1158 ||| INVOKING Spit Poison.
  1311 | D:2      | 1311 ||| INVOKING Spit Poison.
  1317 | D:2      | Noticed Robin
  1319 | D:2      | 1319 ||| INVOKING Spit Poison.
  1326 | D:2      | 1326 ||| INVOKING Spit Poison.
  1326 | D:2      | HP: 10/45 [goblin/+0 dagger[Robin] (2)]
  1327 | D:2      | HP: 4/45 [goblin/+0 club[Robin] (3)]
  1327 | D:2      | HP: 1/45 [goblin/+0 club[Robin] (3)]
  1328 | D:2      | Slain by a goblin

Levels and vault maps discovered:
D:1:      nzn_arrival_water_spiral, layout_basic, serial_shops, shop
D:2:      layout_loops_cross, basic_altar,
          chequers_ecumenical_altar_simple_redux, minmay_tromino_v2, uniq_robin,
          uniq_sigmund

Skill      XL: |  1  2  3 |
---------------+----------+-----
Ranged Weapons | 4 6 |  6.1
Fighting       | |  2.2
Dodging        | |  1.5
Stealth        | |  1.5

Action                     |  1- 3 |  4- 6 || total
---------------------------+-------+-------++-------
   Fire: Shortbow          |    61 |    18 ||    79
Ability: Spit Poison       |    25 |     5 ||    30
    Use: Scroll            |     3 |       ||     3
 Armour: Leather armour    |    10 |     7 ||    17
  Dodge: Dodged            |    11 |    12 ||    23

Table legend:
 A = Non-vault XP
 B = Vault XP
 C = Vault XP percentage of total XP
 D = Non-vault monster count
 E = Vault monster count
 F = Vault count percentage of total count
                 A         B        C        D         E       F
            +---------+---------+-------+---------+---------+-------
      Total |      62 |     230 |  78.8 |      32 |       9 |  22.0
            +---------+---------+-------+---------+---------+-------
        D:1 |      44 |       0 |   0.0 |      26 |       0 |   0.0
        D:2 |      18 |     230 |  92.7 |       6 |       9 |  60.0
            +---------+---------+-------+---------+---------+-------
